 Dungeon Crawl Stone Soup version 0.22-a0-247-gbddf880 (webtiles) character file.

65 Amnesiac the Charlatan (level 3, -5/20 HPs)
             Began as a Deep Elf Artificer on Feb 23, 2018.
             Killed themself with a badly aimed iceblast (16 damage)
             ... on level 2 of the Dungeon.
             The game lasted 00:02:42 (1094 turns).

Amnesiac the Charlatan (Deep Elf Artificer)         Turns: 1094, Time: 00:02:43

Health: -5/20      AC:  3    Str:  8 (10) XL:     3   Next: 92%
Magic:  8/8        EV: 12    Int: 13 (15) God:
Gold:   31         SH:  0    Dex: 13 (15) Spells: 2/2 levels left

rFire    . . .     SeeInvis .   h - +0 hunting sling
rCold    . . .     Gourm    .   (no shield)
rNeg     . . .     Faith    .   b - +0 leather armour
rPois    .         Spirit   .   (no helmet)
rElec    .         Reflect  .   (no cloak)
rCorr    .         Harm     .   (no gloves)
MR       .....                  (no boots)
Stlth    +.........             (no amulet)
HPRegen  0.06/turn              (no ring)
MPRegen  0.11/turn              (no ring)

@: no status effects
A: no striking features
a: no special abilities


You were on level 2 of the Dungeon.
You were hungry.

You visited 1 branch of the dungeon, and saw 2 of its levels.

You collected 31 gold pieces.

Inventory:

Hand Weapons
 a - a +0 short sword
 h - a +0 hunting sling (weapon)
Missiles
 i - 4 sling bullets (quivered)
Armour
 b - a +0 leather armour (worn)
Wands
 d - a wand of enslavement (14)
 e - a wand of random effects (15)
Potions
 j - a potion of flight {!q, unknown}
Comestibles
 f - 2 rations


   Skills:
 - Level 1.0 Fighting
 - Level 1.0 Short Blades
 - Level 2.4 Dodging
 - Level 1.2 Stealth
 + Level 5.3 Evocations


You had 2 spell levels left.
You didn't know any spells.

Dungeon Overview and Level Annotations

Branches:
Dungeon (2/15)

Altars:


Message History

Press: ? - help, Shift-Dir - straight line, f/p - jackal
Aim: a jackal (severely wounded)
You shoot a sling bullet. The sling bullet hits the jackal.
You kill the jackal!
The bat barely misses you. x2; The jackal barely misses you.
Firing (i - inventory)
i - 11 sling bullets (quivered)
Press: ? - help, Shift-Dir - straight line, f - jackal
Aim: a jackal You shoot a sling bullet.
The sling bullet hits the jackal but does no damage.
The bat barely misses you. The bat misses you.
The jackal bites you but does no damage.
The jackal bites you.
Firing (i - inventory)
i - 10 sling bullets (quivered)
Press: ? - help, Shift-Dir - straight line, f/p - jackal
Aim: a jackal You shoot a sling bullet.
The sling bullet hits the jackal.
You kill the jackal!
The bat barely misses you. x2
Firing (i - inventory)
i - 9 sling bullets (quivered)
Press: ? - help, Shift-Dir - straight line, f - bat
Aim: a bat You shoot a sling bullet.
The sling bullet hits the bat.
You kill the bat!
The adder barely misses you.
Firing (i - inventory)
i - 8 sling bullets (quivered)
Press: ? - help, Shift-Dir - straight line, f - adder
Aim: an adder You shoot a sling bullet.
The sling bullet misses the adder.
The adder bites you but does no damage.
Firing (i - inventory)
i - 7 sling bullets (quivered)
Press: ? - help, Shift-Dir - straight line, f/p - adder
Aim: an adder You shoot a sling bullet.
The sling bullet closely misses the adder.
The adder bites you. The adder bites you but does no damage.
Firing (i - inventory)
i - 6 sling bullets (quivered)
Press: ? - help, Shift-Dir - straight line, f/p - adder
Aim: an adder You shoot a sling bullet.
The sling bullet barely misses the adder.
The adder bites you.
* * * LOW HITPOINT WARNING * * *
Firing (i - inventory)
i - 5 sling bullets (quivered)
Press: ? - help, Shift-Dir - straight line, f/p - adder
Aim: an adder You shoot a sling bullet.
The sling bullet hits the adder but does no damage.
The adder closely misses you. The adder bites you but does no damage.
Evoke which item? (* to show all) (? for menu, Esc to quit)
Aiming: Throw Flame
Press: ? - help, Shift-Dir - straight line, f/p - adder
Aim: an adder The puff of flame misses the adder.
The now-empty wand crumbles to dust.
The adder misses you.
Evoke which item? (* to show all) (? for menu, Esc to quit)
Aiming: Random Effects
Press: ? - help, Shift-Dir - straight line, f/p - adder
Aim: an adder The mass of ice explodes!
The iceblast engulfs the adder.
You kill the adder!
The iceblast engulfs you!
Ouch! That really hurt!
You die...

#####.#.# .S#.# #
#..#.# ..##..#.#
.....##.#######
#.......!..(.(( .
........(.h..hh ...
.#..##.########.....
#.#..##(....(@(.....(
# .
...##.########.....
#.#.#..##.# ...
##.#.#..##.# .
.....#..##.#
........##.##
#...........#
...###.###..# #..#
#.# #..#


There were no monsters in sight!

Vanquished Creatures
  4 adders
  A worm (D:2)
  A bat (D:2)
  4 goblins
  3 hobgoblins (D:1)
  5 jackals (D:2)
  A ball python (D:1)
  2 kobolds (D:1)
  A rat (D:1)
22 creatures vanquished.

Vanquished Creatures (collateral kills)
  A hobgoblin (D:2)
  A jackal (D:2)
  2 kobolds (D:2)
4 creatures vanquished.

Grand Total: 26 creatures vanquished

Notes
Turn   | Place    | Note
-------+----------+-------------------------------------------
     0 | D:1      | Amnesiac the Deep Elf Artificer began the quest for the Orb.
     0 | D:1      | Reached XP level 1. HP: 11/11 MP: 5/5
    29 | D:1      | Reached skill level 1 in Fighting
    56 | D:1      | Reached XP level 2. HP: 16/16 MP: 6/6
    69 | D:1      | Reached skill level 4 in Evocations
   443 | D:1      | Reached XP level 3. HP: 5/20 MP: 8/8
   750 | D:2      | HP: 1/20 [jackal (2)]
  1072 | D:2      | Reached skill level 5 in Evocations
  1094 | D:2      | Killed themself with a badly aimed iceblast

Vault maps used:
D:1:      elethiomel_arrival_shortcut
D:2:      tgw_trog

Skill      XL: |  1  2  3 |
---------------+----------+-----
Fighting       | 1 |  1.0
Evocations     | 4 5 |  5.3
Short Blades   | |  1.0
Dodging        | |  2.4
Stealth        | |  1.2

Action                   || total
-------------------------++-------
Melee: Short sword       ||    47
 Fire: Hunting sling     ||    18
Evoke: Wand              ||    16
  Use: Potion            ||     1
Armor: Leather armour    ||    19
Dodge: Dodged            ||    58

Table legend:
 A = Spawn XP
 B = Non-spawn XP
 C = Spawn XP percentage of total XP
 D = Spawn monster count
 E = Non-spawn monster count
 F = Spawn count percentage of total count
 G = Total turns spent on level
                    A         B        C        D         E        F      G
               +---------+---------+-------+---------+---------+-------+---------
         Total |       0 |      93 |   0.0 |       0 |      26 |   0.0 |  1094
               +---------+---------+-------+---------+---------+-------+---------
           D:1 |       0 |      41 |   0.0 |       0 |      11 |   0.0 |   666
           D:2 |       0 |      52 |   0.0 |       0 |      15 |   0.0 |   428
               +---------+---------+-------+---------+---------+-------+---------
